Ice Dragons vs Saguenéens
Created - 6 décembre 2016 at 19:01
Goals
|
| Ice Dragons |
0 |
2 |
3 |
5 |
| Saguenéens |
2 |
2 |
4 |
8 |
|
Shots
|
| Ice Dragons |
16 |
11 |
15 |
42 |
| Saguenéens |
8 |
14 |
20 |
42 |
|
1st period
1. Saguenéens , Rhett Rakhshani 2 (Craig Cunningham, Roman Josi) at 1:40
2. Saguenéens , Tyler Kennedy 12 (Nick Mattson) at 2:45
Penalties :
Spencer Machacek (Chi) for Checking from behind (Minor) at 8:44, Ryan Reaves (Kin) for Tripping (Minor) at 16:48
2nd period
3. Saguenéens , Tyler Kennedy 13 (Kevin Marshall, Kyle Brodziak) at 0:12
4. Ice Dragons , Troy Brouwer 9 (Brayden McNabb, Ian Cole) at 4:45
5. Saguenéens , Rickard Rakell 3 (Roman Josi, Rhett Rakhshani) at 13:38
6. Ice Dragons , Nick Palmieri 10 (Troy Brouwer, Ian Cole) at 17:43
Penalties :
Bradley Malone (Kin) for Hooking (Minor) at 15:41
3rd period
7. Saguenéens , Carl Hagelin 5 (Juraj Mikus, Erik Haula) at 3:21
8. Ice Dragons , Jordan LaVallee 8 (Ryan Reaves, Brayden McNabb) at 5:21 (PP)
9. Saguenéens , Tyler Kennedy 14 (Kyle Brodziak) at 5:25
10. Ice Dragons , Michael Latta 8 (Jordan LaVallee, Justin Pogge) at 8:28 (PP)
11. Saguenéens , Tyler Kennedy 15 (Luke Witkowski) at 9:01
12. Ice Dragons , Troy Brouwer 10 (Nick Palmieri, Tyler Haskins) at 9:05
13. Saguenéens , Juraj Mikus 9 (Carl Hagelin, Oscar Klefbom) at 15:15
Penalties :
Rhett Rakhshani (Chi) for Hooking (Minor) at 4:52, Spencer Machacek (Chi) for Tripping (Minor) at 7:38, Tyler Kennedy (Chi) for Roughing (Double Minor) at 11:08
Goalie Stats
Justin Pogge (Kin), 25 saves from 32 shots - (0,781), L, 6-10-0, 49:01 minutes
Harru Sateri (Kin), 9 saves from 10 shots - (0,900), 10:59 minutes
Mike Smith (Chi), 37 saves from 42 shots - (0,881), W, 11-6-1, 60:00 minutes
Players Stats for Ice Dragons
Player Name G A P +/- PIM S H SB GA TA FO MP PP MP PK MP
------------------------------------------------------------------------------------
Alexander Urbom 0 0 0 -2 0 0 1 0 0 0 0/0 10:10 0:00 0:00
Bradley Malone 0 0 0 1 2 0 1 0 0 0 1/2 6:01 0:00 0:00
Brandon Kozun 0 0 0 -1 0 2 0 0 0 0 1/2 11:58 0:45 0:00
Brayden McNabb 0 2 2 -2 0 4 1 4 0 0 0/0 27:12 4:56 1:50
Ian Cole 0 2 2 -3 0 4 3 4 0 1 0/0 30:29 4:56 1:50
Joey Hishon 0 0 0 -1 0 0 0 0 0 0 0/0 3:05 0:33 0:00
Jordan LaVallee 1 1 2 -2 0 4 3 1 3 1 1/2 18:38 2:43 1:22
Kyle Bigos 0 0 0 -1 0 0 0 0 0 0 0/0 3:17 0:00 0:00
Logan MacMillan 0 0 0 0 0 0 0 1 0 0 0/0 5:59 0:00 0:00
Marek Viedensky 0 0 0 -2 0 0 2 1 0 0 2/5 13:22 0:31 1:19
Michael Latta 1 0 1 -2 0 6 1 1 0 1 4/19 17:13 2:43 0:00
Nick Palmieri 1 1 2 -1 0 4 3 0 0 1 3/5 25:58 3:55 1:47
Petr Vrana 0 0 0 -2 0 1 3 2 0 0 0/0 12:39 0:00 1:24
Ryan Reaves 0 1 1 -2 2 1 1 0 0 0 0/1 17:43 2:43 0:00
Samuel Groulx 0 0 0 -2 0 0 0 0 0 1 0/0 10:10 0:00 0:00
Slava Voynov 0 0 0 0 0 2 0 1 0 0 0/0 19:21 2:21 2:08
Tomas Kudelka 0 0 0 0 0 0 0 1 1 0 0/0 19:21 2:21 2:08
Troy Brouwer 2 1 3 -1 0 12 1 1 2 0 1/2 23:06 4:04 2:04
Tyler Haskins 0 1 1 -2 0 2 1 0 0 1 18/36 20:18 3:54 0:00
Players Stats for Saguenéens
Player Name G A P +/- PIM S H SB GA TA FO MP PP MP PK MP
------------------------------------------------------------------------------------
Brendan Ranford 0 0 0 0 0 0 0 0 0 0 0/0 0:00 0:00 0:00
Brett Lebda 0 0 0 0 0 4 2 0 0 1 0/0 26:33 2:29 4:17
Carl Hagelin 1 1 2 1 0 7 1 0 0 0 0/1 10:29 0:00 0:00
Craig Cunningham 0 1 1 2 0 0 0 1 0 1 0/0 8:37 0:00 1:47
Dalton Prout 0 0 0 2 0 0 2 0 0 0 0/0 19:27 1:29 2:34
Erik Haula 0 1 1 0 0 2 0 0 2 2 13/17 17:23 1:50 1:30
Jerry D'Amigo 0 0 0 0 0 0 0 0 0 0 2/2 2:07 0:00 2:07
Juraj Mikus 1 1 2 1 0 4 1 0 0 0 3/6 10:29 0:00 0:00
Justin Florek 0 0 0 0 0 0 0 0 0 0 0/0 0:18 0:08 0:00
Kevin Marshall 0 1 1 0 0 1 2 1 0 0 0/0 26:33 2:29 4:17
Kyle Brodziak 0 2 2 2 0 2 2 1 2 0 21/37 23:24 2:00 4:11
Luke Witkowski 0 1 1 1 0 0 0 1 0 0 0/0 9:11 0:00 0:00
Mason Raymond 0 0 0 2 0 4 1 0 0 0 0/2 19:58 2:00 0:41
Nick Mattson 0 1 1 2 0 0 0 1 0 0 0/0 4:49 0:00 0:26
Oscar Klefbom 0 1 1 2 0 0 0 0 0 0 0/0 9:45 0:00 0:26
Rhett Rakhshani 1 1 2 2 2 1 0 0 0 0 0/0 6:49 0:00 0:00
Rickard Rakell 1 0 1 2 0 3 1 1 0 0 3/5 8:15 0:00 1:25
Roman Josi 0 2 2 2 0 3 0 1 0 0 0/0 19:27 1:29 2:34
Sam Carrick 0 0 0 0 0 0 0 0 0 0 0/0 0:00 0:00 0:00
Spencer Machacek 0 0 0 0 4 1 2 0 0 0 0/0 15:51 1:50 0:00
Teemu Pulkkinen 0 0 0 0 0 0 0 0 0 0 0/0 0:56 0:08 0:38
Tim Kennedy 0 0 0 0 0 4 0 1 1 0 0/0 15:49 1:50 0:00
Trevor Van Riemsdyk 0 0 0 1 0 0 0 1 0 1 0/0 4:15 0:00 0:00
Tyler Kennedy 4 0 4 2 4 6 1 0 1 1 1/4 21:27 2:00 2:15
Tyler Pitlick 0 0 0 1 0 0 1 2 0 0 0/0 10:47 0:08 0:00
3 Stars
1 - Tyler Kennedy (Chi)
2 - Troy Brouwer (Kin)
3 - Juraj Mikus (Chi)
Power Play
Ice Dragons - 2 on 5 Attempt(s) - 40,00%
Saguenéens - 0 on 2 Attempt(s) - 0,00%
Penalty Kill
Ice Dragons - 2 on 2 Attempt(s) - 100,00%
- Score 0 goal in Penalty Kill
Saguenéens - 3 on 5 Attempt(s) - 60,00%
- Score 0 goal in Penalty Kill
Team Stat
Ice Dragons - Hits : 21 - Faceoff Wins : 31 - Blocked Shots : 17 - Penalty Minutes : 4
Saguenéens - Hits : 16 - Faceoff Wins : 43 - Blocked Shots : 11 - Penalty Minutes : 10
Official
Referees : Rehman Kyle and Martell Rob
Linesman : Vaughan Rody and Scott Cherrey
Game Notes
Tyler Kennedy has scored a Hat Trick!
Harru Sateri enters game at 9:01 of 3rd period
Finance
Level 1 -- Attendance: 1334 (66,70%) -- Ticket Income 53 360 $
Level 2 -- Attendance: 682 (68,20%) -- Ticket Income 13 640 $
Total Attendance: 2016 (67,20%)
Total Ticket Income: 67 000 $
Other Income: 3 350 $
Total Income: 70 350 $
Ice Dragons
5 vs 5 Forward
Center Left Wing Right Wing Time % Phy DF OF
1 Tyler Haskins Troy Brouwer Nick Palmieri 40 1 2 2
2 Michael Latta Jordan LaVallee Ryan Reaves 30 1 2 2
3 Marek Viedensky Petr Vrana Brandon Kozun 20 1 2 2
4 Bradley Malone Logan MacMillan Nick Palmieri 10 1 2 2
5 vs 5 Defense
Defense Defense Time % Phy DF OF
1 Ian Cole Brayden McNabb 40 1 2 2
2 Slava Voynov Tomas Kudelka 30 1 2 2
3 Alexander Urbom Samuel Groulx 20 1 2 2
4 Kyle Bigos Ian Cole 10 1 2 2
PowerPlay Forward
Center Left Wing Right Wing Time % Phy DF OF
1 Tyler Haskins Troy Brouwer Nick Palmieri 60 1 2 2
2 Michael Latta Jordan LaVallee Ryan Reaves 40 1 2 2
PowerPlay Defense
Defense Defense Time % Phy DF OF
1 Ian Cole Brayden McNabb 60 1 2 2
2 Slava Voynov Tomas Kudelka 40 1 2 2
Penalty Kill 4 Players Forward
Center Wing Time % Phy DF OF
1 Nick Palmieri Troy Brouwer 60 1 2 2
2 Jordan LaVallee Petr Vrana 40 1 2 2
Penalty Kill 4 Players Defense
Defense Defense Time % Phy DF OF
1 Ian Cole Brayden McNabb 60 1 2 2
2 Slava Voynov Tomas Kudelka 40 1 2 2
Penalty Kill - 3 Players Forward
Forward Time % Phy DF OF
1 Nick Palmieri 60 1 2 2
2 Troy Brouwer 40 1 2 2
Penalty Kill - 3 Players Defense
Defense Defense Time % Phy DF OF
1 Ian Cole Brayden McNabb 60 1 2 2
2 Slava Voynov Tomas Kudelka 40 1 2 2
4 vs 4 Forward
Center Wing Time % Phy DF OF
1 Nick Palmieri Troy Brouwer 60 1 2 2
2 Jordan LaVallee Petr Vrana 40 1 2 2
4 vs 4 Defense
Defense Defense Time % Phy DF OF
1 Ian Cole Brayden McNabb 60 1 2 2
2 Slava Voynov Tomas Kudelka 40 1 2 2
Last Minutes Offensive
Center Left Wing Right Wing Defense Defense
Tyler Haskins Troy Brouwer Nick Palmieri Ian Cole Brayden McNabb
Last Minutes Defensive
Center Left Wing Right Wing Defense Defense
Tyler Haskins Troy Brouwer Nick Palmieri Ian Cole Brayden McNabb
Goaltenders
Starting : Justin Pogge
Backup : Harru Sateri
Extra Forwards
Normal : Joey Hishon, Brandon Kozun, Marek Viedensky - PP : Joey Hishon, Brandon Kozun - PK : Marek Viedensky
Extra Defensemen
Normal : Alexander Urbom, Samuel Groulx, Kyle Bigos - PP : Alexander Urbom - PK : Samuel Groulx, Kyle Bigos
Penalty Shots
Nick Palmieri, Troy Brouwer, Jordan LaVallee, Petr Vrana, Tyler Haskins
Saguenéens
5 vs 5 Forward
Center Left Wing Right Wing Time % Phy DF OF
1 Kyle Brodziak Mason Raymond Tyler Kennedy 40 1 2 2
2 Erik Haula Tim Kennedy Spencer Machacek 30 1 2 2
3 Juraj Mikus Carl Hagelin Tyler Pitlick 20 1 2 2
4 Rickard Rakell Craig Cunningham Rhett Rakhshani 10 1 2 2
5 vs 5 Defense
Defense Defense Time % Phy DF OF
1 Brett Lebda Kevin Marshall 40 1 2 2
2 Dalton Prout Roman Josi 30 1 2 2
3 Luke Witkowski Oscar Klefbom 20 1 2 2
4 Nick Mattson Trevor Van Riemsdyk 10 1 2 2
PowerPlay Forward
Center Left Wing Right Wing Time % Phy DF OF
1 Kyle Brodziak Mason Raymond Tyler Kennedy 60 1 2 2
2 Erik Haula Tim Kennedy Spencer Machacek 40 1 2 2
PowerPlay Defense
Defense Defense Time % Phy DF OF
1 Brett Lebda Kevin Marshall 60 1 2 2
2 Dalton Prout Roman Josi 40 1 2 2
Penalty Kill 4 Players Forward
Center Wing Time % Phy DF OF
1 Tyler Kennedy Kyle Brodziak 60 1 2 2
2 Mason Raymond Erik Haula 40 1 2 2
Penalty Kill 4 Players Defense
Defense Defense Time % Phy DF OF
1 Brett Lebda Kevin Marshall 60 1 2 2
2 Dalton Prout Roman Josi 40 1 2 2
Penalty Kill - 3 Players Forward
Forward Time % Phy DF OF
1 Tyler Kennedy 60 1 2 2
2 Kyle Brodziak 40 1 2 2
Penalty Kill - 3 Players Defense
Defense Defense Time % Phy DF OF
1 Brett Lebda Kevin Marshall 60 1 2 2
2 Dalton Prout Roman Josi 40 1 2 2
4 vs 4 Forward
Center Wing Time % Phy DF OF
1 Tyler Kennedy Kyle Brodziak 60 1 2 2
2 Mason Raymond Erik Haula 40 1 2 2
4 vs 4 Defense
Defense Defense Time % Phy DF OF
1 Brett Lebda Kevin Marshall 60 1 2 2
2 Dalton Prout Roman Josi 40 1 2 2
Last Minutes Offensive
Center Left Wing Right Wing Defense Defense
Kyle Brodziak Mason Raymond Tyler Kennedy Brett Lebda Kevin Marshall
Last Minutes Defensive
Center Left Wing Right Wing Defense Defense
Kyle Brodziak Mason Raymond Tyler Kennedy Brett Lebda Kevin Marshall
Goaltenders
Starting : Mike Smith
Backup : Martin Jones
Extra Forwards
Normal : Justin Florek, Teemu Pulkkinen, Jerry D'Amigo - PP : Justin Florek, Teemu Pulkkinen - PK : Jerry D'Amigo
Extra Defensemen
Normal : Luke Witkowski, Oscar Klefbom, Nick Mattson - PP : Luke Witkowski - PK : Oscar Klefbom, Nick Mattson
Penalty Shots
Tyler Kennedy, Kyle Brodziak, Mason Raymond, Erik Haula, Spencer Machacek
% Time on Ice - Ice Dragons
Lines # - Real PCT - Wanted PCT - Time Play
Normal Forward
1 - 35% - 40% - 16:58
2 - 30% - 30% - 14:38
3 - 23% - 20% - 11:10
4 - 12% - 10% - 5:59
Normal Defense
1 - 42% - 40% - 20:26
2 - 30% - 30% - 14:52
3 - 21% - 20% - 10:10
4 - 7% - 10% - 3:17
PP Forward
1 - 63% - 60% - 4:34
2 - 37% - 40% - 2:43
PP Defense
1 - 68% - 60% - 4:56
2 - 32% - 40% - 2:21
PK Forward
1 - 75% - 60% - 2:58
2 - 25% - 40% - 1:00
PK Defense
1 - 46% - 60% - 1:50
2 - 54% - 40% - 2:08
PK3 Forward
1 - 0% - 60%
2 - 0% - 40%
PK3 Defense
1 - 0% - 60%
2 - 0% - 40%
44 Forward
1 - 0% - 60%
2 - 0% - 40%
44 Defense
1 - 0% - 60%
2 - 0% - 40%
Last Minute Offensive - 0:00
Last Minute Defensive - 0:00
Total
Forward - 60:00
Defense - 60:00
|
% Time on Ice - Saguenéens
Lines # - Real PCT - Wanted PCT - Time Play
Normal Forward
1 - 36% - 40% - 17:23
2 - 29% - 30% - 14:03
3 - 22% - 20% - 10:29
4 - 14% - 10% - 6:50
Normal Defense
1 - 41% - 40% - 19:55
2 - 32% - 30% - 15:24
3 - 19% - 20% - 9:11
4 - 9% - 10% - 4:15
PP Forward
1 - 54% - 60% - 2:08
2 - 46% - 40% - 1:50
PP Defense
1 - 63% - 60% - 2:29
2 - 37% - 40% - 1:29
PK Forward
1 - 91% - 60% - 6:36
2 - 9% - 40% - 0:41
PK Defense
1 - 65% - 60% - 4:43
2 - 35% - 40% - 2:34
PK3 Forward
1 - 0% - 60%
2 - 0% - 40%
PK3 Defense
1 - 0% - 60%
2 - 0% - 40%
44 Forward
1 - 0% - 60%
2 - 0% - 40%
44 Defense
1 - 0% - 60%
2 - 0% - 40%
Last Minute Offensive - 0:00
Last Minute Defensive - 0:00
Total
Forward - 60:00
Defense - 60:00
|
Play by Play
1st period
0:01 of 1st period - Tyler Haskins wins face-off versus Kyle Brodziak in neutral zone.
0:04 of 1st period - Wrist shot by Troy Brouwer.
0:04 of 1st period - Stopped by Mike Smith without a rebound.
0:05 of 1st period - Kyle Brodziak wins face-off versus Tyler Haskins in Saguenéens zone.
0:15 of 1st period - Mason Raymond is hit by Nick Palmieri and loses puck.
1:38 of 1st period - Wrist shot by Craig Cunningham.
1:38 of 1st period - Shot Misses the Net.
1:40 of 1st period - Snap shot by Rhett Rakhshani.
1:40 of 1st period - Goal by Rhett Rakhshani - Ice Dragons : 0 - Saguenéens : 1.
1:41 of 1st period - Erik Haula wins face-off versus Tyler Haskins in neutral zone.
2:19 of 1st period - Snap shot by Troy Brouwer.
2:19 of 1st period - Stopped by Mike Smith without a rebound.
2:20 of 1st period - Michael Latta wins face-off versus Kyle Brodziak in Saguenéens zone.
2:27 of 1st period - Wrist shot by Michael Latta.
2:27 of 1st period - Shot Blocked by Trevor Van Riemsdyk.
2:29 of 1st period - Slapshot by Brayden McNabb.
2:29 of 1st period - Stopped by Mike Smith without a rebound.
2:30 of 1st period - Kyle Brodziak wins face-off versus Michael Latta in Saguenéens zone.
2:30 of 1st period - Kyle Brodziak is hit by Ian Cole.
2:45 of 1st period - Snap shot by Tyler Kennedy.
2:45 of 1st period - Goal by Tyler Kennedy - Ice Dragons : 0 - Saguenéens : 2.
2:46 of 1st period - Erik Haula wins face-off versus Tyler Haskins in neutral zone.
2:51 of 1st period - Wrist shot by Erik Haula.
2:51 of 1st period - Deflect By Spencer Machacek.
2:51 of 1st period - Shot Misses the Net.
2:51 of 1st period - Puck is out of play.
2:52 of 1st period - Erik Haula wins face-off versus Tyler Haskins in Ice Dragons zone.
3:36 of 1st period - Icing by Roman Josi.
3:37 of 1st period - Jordan LaVallee wins face-off versus Rickard Rakell in Saguenéens zone.
3:40 of 1st period - Wrist shot by Jordan LaVallee.
3:40 of 1st period - Shot Blocked by Roman Josi.
3:48 of 1st period - Snap shot by Rickard Rakell.
3:48 of 1st period - Stopped by Justin Pogge without a rebound.
3:49 of 1st period - Kyle Brodziak wins face-off versus Bradley Malone in Ice Dragons zone.
3:58 of 1st period - Wrist shot by Mason Raymond.
3:58 of 1st period - Shot Blocked by Logan MacMillan.
4:40 of 1st period - Wrist shot by Carl Hagelin.
4:40 of 1st period - Stopped by Justin Pogge with a rebound.
4:42 of 1st period - Snap shot by Juraj Mikus.
4:42 of 1st period - Shot Blocked by Slava Voynov.
4:44 of 1st period - Slapshot by Oscar Klefbom.
4:44 of 1st period - Deflect By Carl Hagelin.
4:44 of 1st period - Shot Blocked by Marek Viedensky.
4:44 of 1st period - Puck is out of play.
4:45 of 1st period - Tyler Haskins wins face-off versus Kyle Brodziak in Ice Dragons zone.
4:52 of 1st period - Slapshot by Troy Brouwer.
4:52 of 1st period - Stopped by Mike Smith with a rebound.
4:54 of 1st period - Slapshot by Brayden McNabb.
4:54 of 1st period - Stopped by Mike Smith without a rebound.
4:55 of 1st period - Kyle Brodziak wins face-off versus Troy Brouwer in Saguenéens zone.
6:10 of 1st period - Snap shot by Troy Brouwer.
6:10 of 1st period - Shot Misses the Net.
6:12 of 1st period - Slapshot by Nick Palmieri.
6:12 of 1st period - Stopped by Mike Smith with a rebound.
6:14 of 1st period - Slapshot by Brayden McNabb.
6:14 of 1st period - Shot Blocked by Nick Mattson.
6:16 of 1st period - Snap shot by Nick Palmieri.
6:16 of 1st period - Shot Misses the Net.
6:18 of 1st period - Slapshot by Ian Cole.
6:18 of 1st period - Stopped by Mike Smith with a rebound.
6:20 of 1st period - Slapshot by Brayden McNabb.
6:20 of 1st period - Deflect By Kyle Brodziak.
6:20 of 1st period - Stopped by Mike Smith with a rebound.
6:22 of 1st period - Slapshot by Ian Cole.
6:22 of 1st period - Stopped by Mike Smith without a rebound.
6:23 of 1st period - Michael Latta wins face-off versus Erik Haula in Saguenéens zone.
6:50 of 1st period - Kevin Marshall is hit by Marek Viedensky and loses puck.
7:09 of 1st period - Rhett Rakhshani is hit by Ryan Reaves and loses puck.
7:18 of 1st period - Slava Voynov is hit by Rickard Rakell and loses puck.
8:00 of 1st period - Off-side.
8:01 of 1st period - Bradley Malone wins face-off versus Rickard Rakell in neutral zone.
8:44 of 1st period - Minor Penalty to Spencer Machacek for Checking from behind.
8:45 of 1st period - Tyler Haskins wins face-off versus Tyler Kennedy in Saguenéens zone.
9:31 of 1st period - Brett Lebda is hit by Nick Palmieri and loses puck.
10:05 of 1st period - Tomas Kudelka is hit by Dalton Prout and loses puck.
10:44 of 1st period - Penalty to Spencer Machacek is over, Spencer Machacek is back on ice.
12:04 of 1st period - Slapshot by Carl Hagelin.
12:04 of 1st period - Shot Misses the Net.
12:06 of 1st period - Slapshot by Oscar Klefbom.
12:06 of 1st period - Shot Misses the Net.
12:50 of 1st period - Wrist shot by Carl Hagelin.
12:50 of 1st period - Stopped by Justin Pogge without a rebound.
12:51 of 1st period - Tyler Haskins wins face-off versus Juraj Mikus in Ice Dragons zone.
12:51 of 1st period - Tyler Haskins is hit by Juraj Mikus.
12:59 of 1st period - Slapshot by Tyler Haskins.
12:59 of 1st period - Stopped by Mike Smith with a rebound.
13:15 of 1st period - Mason Raymond is hit by Petr Vrana and loses puck.
13:32 of 1st period - Wrist shot by Jordan LaVallee.
13:32 of 1st period - Stopped by Mike Smith with a rebound.
13:34 of 1st period - Wrist shot by Michael Latta.
13:34 of 1st period - Stopped by Mike Smith without a rebound.
13:35 of 1st period - Erik Haula wins face-off versus Michael Latta in Saguenéens zone.
13:35 of 1st period - Erik Haula is hit by Jordan LaVallee.
13:59 of 1st period - Tyler Haskins is hit by Brett Lebda and loses puck.
14:24 of 1st period - Wrist shot by Carl Hagelin.
14:24 of 1st period - Stopped by Justin Pogge without a rebound.
14:25 of 1st period - Tyler Haskins wins face-off versus Erik Haula in Ice Dragons zone.
14:36 of 1st period - Snap shot by Troy Brouwer.
14:36 of 1st period - Shot Misses the Net.
14:38 of 1st period - Slapshot by Brayden McNabb.
14:38 of 1st period - Shot Hit the Post.
15:20 of 1st period - Snap shot by Juraj Mikus.
15:20 of 1st period - Stopped by Justin Pogge with a rebound.
15:22 of 1st period - Wrist shot by Juraj Mikus.
15:22 of 1st period - Stopped by Justin Pogge without a rebound.
15:23 of 1st period - Juraj Mikus wins face-off versus Marek Viedensky in Ice Dragons zone.
15:46 of 1st period - Juraj Mikus is hit by Brayden McNabb and loses puck.
16:06 of 1st period - Icing by Juraj Mikus.
16:07 of 1st period - Kyle Brodziak wins face-off versus Ryan Reaves in Saguenéens zone.
16:16 of 1st period - Slapshot by Michael Latta.
16:16 of 1st period - Stopped by Mike Smith without a rebound.
16:17 of 1st period - Tyler Haskins wins face-off versus Kyle Brodziak in Saguenéens zone.
16:18 of 1st period - Snap shot by Troy Brouwer.
16:18 of 1st period - Stopped by Mike Smith with a rebound.
16:24 of 1st period - Snap shot by Nick Palmieri.
16:24 of 1st period - Shot Blocked by Kyle Brodziak.
16:41 of 1st period - Icing by Tyler Kennedy.
16:42 of 1st period - Erik Haula wins face-off versus Michael Latta in Saguenéens zone.
16:48 of 1st period - Minor Penalty to Ryan Reaves for Tripping.
16:49 of 1st period - Nick Palmieri wins face-off versus Kyle Brodziak in Ice Dragons zone.
16:49 of 1st period - Nick Palmieri is hit by Tyler Kennedy.
18:48 of 1st period - Penalty to Ryan Reaves is over, Ryan Reaves is back on ice.
19:14 of 1st period - Snap shot by Troy Brouwer.
19:14 of 1st period - Stopped by Mike Smith with a rebound.
19:16 of 1st period - Slapshot by Ian Cole.
19:16 of 1st period - Shot Blocked by Craig Cunningham.
19:18 of 1st period - Slapshot by Troy Brouwer.
19:18 of 1st period - Stopped by Mike Smith without a rebound.
19:19 of 1st period - Juraj Mikus wins face-off versus Michael Latta in Saguenéens zone.
19:19 of 1st period - Juraj Mikus is hit by Michael Latta.
19:39 of 1st period - Luke Witkowski is hit by Bradley Malone and loses puck.
19:57 of 1st period - Off-side.
19:58 of 1st period - Michael Latta wins face-off versus Erik Haula in neutral zone.
Goals for this period are 0 for Ice Dragons vs 2 for Saguenéens.
Shots for this period are 16 for Ice Dragons vs 8 for Saguenéens.
2nd period
0:01 of 2nd period - Kyle Brodziak wins face-off versus Tyler Haskins in neutral zone.
0:08 of 2nd period - Snap shot by Tyler Kennedy.
0:08 of 2nd period - Shot Misses the Net.
0:10 of 2nd period - Slapshot by Kevin Marshall.
0:10 of 2nd period - Shot Blocked by Brayden McNabb.
0:12 of 2nd period - Slapshot by Tyler Kennedy.
0:12 of 2nd period - Goal by Tyler Kennedy - Ice Dragons : 0 - Saguenéens : 3.
0:13 of 2nd period - Kyle Brodziak wins face-off versus Tyler Haskins in neutral zone.
0:25 of 2nd period - Slapshot by Brett Lebda.
0:25 of 2nd period - Stopped by Justin Pogge without a rebound.
0:26 of 2nd period - Kyle Brodziak wins face-off versus Tyler Haskins in Ice Dragons zone.
0:41 of 2nd period - Wrist shot by Kyle Brodziak.
0:41 of 2nd period - Shot Blocked by Brayden McNabb.
0:51 of 2nd period - Erik Haula is hit by Jordan LaVallee and loses puck.
1:45 of 2nd period - Snap shot by Kyle Brodziak.
1:45 of 2nd period - Shot Blocked by Troy Brouwer.
2:15 of 2nd period - Tim Kennedy is hit by Petr Vrana and loses puck.
2:49 of 2nd period - Tyler Kennedy is hit by Jordan LaVallee and loses puck.
3:33 of 2nd period - Wrist shot by Craig Cunningham.
3:33 of 2nd period - Shot Misses the Net.
4:45 of 2nd period - Wrist shot by Troy Brouwer.
4:45 of 2nd period - Goal by Troy Brouwer - Ice Dragons : 1 - Saguenéens : 3.
4:46 of 2nd period - Kyle Brodziak wins face-off versus Michael Latta in neutral zone.
5:01 of 2nd period - Snap shot by Kyle Brodziak.
5:01 of 2nd period - Shot Blocked by Michael Latta.
5:13 of 2nd period - Slava Voynov is hit by Spencer Machacek and loses puck.
5:38 of 2nd period - Backhand shot by Nick Palmieri.
5:38 of 2nd period - Stopped by Mike Smith with a rebound.
5:58 of 2nd period - Slapshot by Slava Voynov.
5:58 of 2nd period - Stopped by Mike Smith with a rebound.
6:00 of 2nd period - Snap shot by Brandon Kozun.
6:00 of 2nd period - Stopped by Mike Smith without a rebound.
6:01 of 2nd period - Kyle Brodziak wins face-off versus Marek Viedensky in Saguenéens zone.
6:09 of 2nd period - Off-side.
6:10 of 2nd period - Kyle Brodziak wins face-off versus Michael Latta in neutral zone.
6:13 of 2nd period - Brayden McNabb is hit by Kevin Marshall and loses puck.
6:36 of 2nd period - Troy Brouwer is hit by Kyle Brodziak and loses puck.
6:47 of 2nd period - Wrist shot by Kyle Brodziak.
6:47 of 2nd period - Shot Misses the Net.
6:49 of 2nd period - Backhand shot by Tyler Kennedy.
6:49 of 2nd period - Stopped by Justin Pogge with a rebound.
6:51 of 2nd period - Snap shot by Kyle Brodziak.
6:51 of 2nd period - Stopped by Justin Pogge with a rebound.
6:53 of 2nd period - Wrist shot by Mason Raymond.
6:53 of 2nd period - Stopped by Justin Pogge with a rebound.
7:05 of 2nd period - Wrist shot by Tyler Kennedy.
7:05 of 2nd period - Deflect By Mason Raymond.
7:05 of 2nd period - Stopped by Justin Pogge with a rebound.
7:07 of 2nd period - Wrist shot by Kyle Brodziak.
7:07 of 2nd period - Shot Blocked by Brayden McNabb.
7:09 of 2nd period - Snap shot by Kevin Marshall.
7:09 of 2nd period - Deflect By Mason Raymond.
7:09 of 2nd period - Stopped by Justin Pogge with a rebound.
7:11 of 2nd period - Slapshot by Brett Lebda.
7:11 of 2nd period - Shot Misses the Net.
7:13 of 2nd period - Snap shot by Kyle Brodziak.
7:13 of 2nd period - Shot Blocked by Brayden McNabb.
7:15 of 2nd period - Snap shot by Mason Raymond.
7:15 of 2nd period - Stopped by Justin Pogge with a rebound.
7:17 of 2nd period - Snap shot by Brett Lebda.
7:17 of 2nd period - Stopped by Justin Pogge without a rebound.
7:18 of 2nd period - Erik Haula wins face-off versus Tyler Haskins in Ice Dragons zone.
7:48 of 2nd period - Snap shot by Tim Kennedy.
7:48 of 2nd period - Stopped by Justin Pogge without a rebound.
7:49 of 2nd period - Juraj Mikus wins face-off versus Michael Latta in Ice Dragons zone.
8:16 of 2nd period - Luke Witkowski is hit by Nick Palmieri and loses puck.
8:40 of 2nd period - Erik Haula is hit by Ian Cole and loses puck.
9:13 of 2nd period - Wrist shot by Tyler Kennedy.
9:13 of 2nd period - Shot Hit the Post.
9:15 of 2nd period - Snap shot by Mason Raymond.
9:15 of 2nd period - Shot Misses the Net.
9:17 of 2nd period - Slapshot by Roman Josi.
9:17 of 2nd period - Shot Misses the Net.
9:29 of 2nd period - Tyler Haskins is hit by Dalton Prout.
11:02 of 2nd period - Wrist shot by Kyle Brodziak.
11:02 of 2nd period - Shot Misses the Net.
11:31 of 2nd period - Slapshot by Brandon Kozun.
11:31 of 2nd period - Stopped by Mike Smith with a rebound.
11:33 of 2nd period - Slapshot by Ian Cole.
11:33 of 2nd period - Stopped by Mike Smith with a rebound.
11:35 of 2nd period - Snap shot by Jordan LaVallee.
11:35 of 2nd period - Shot Blocked by Tyler Pitlick.
12:26 of 2nd period - Icing by Ryan Reaves.
12:27 of 2nd period - Rickard Rakell wins face-off versus Michael Latta in Ice Dragons zone.
12:40 of 2nd period - Wrist shot by Michael Latta.
12:40 of 2nd period - Stopped by Mike Smith with a rebound.
13:00 of 2nd period - Slapshot by Slava Voynov.
13:00 of 2nd period - Shot Misses the Net.
13:02 of 2nd period - Slapshot by Jordan LaVallee.
13:02 of 2nd period - Stopped by Mike Smith without a rebound.
13:03 of 2nd period - Kyle Brodziak wins face-off versus Tyler Haskins in Saguenéens zone.
13:34 of 2nd period - Slapshot by Rickard Rakell.
13:34 of 2nd period - Stopped by Justin Pogge with a rebound.
13:36 of 2nd period - Slapshot by Roman Josi.
13:36 of 2nd period - Stopped by Justin Pogge with a rebound.
13:38 of 2nd period - Slapshot by Rickard Rakell.
13:38 of 2nd period - Goal by Rickard Rakell - Ice Dragons : 1 - Saguenéens : 4.
13:39 of 2nd period - Kyle Brodziak wins face-off versus Michael Latta in neutral zone.
15:13 of 2nd period - Snap shot by Kyle Brodziak.
15:13 of 2nd period - Stopped by Justin Pogge with a rebound.
15:15 of 2nd period - Snap shot by Kyle Brodziak.
15:15 of 2nd period - Shot Hit the Post.
15:41 of 2nd period - Minor Penalty to Bradley Malone for Hooking.
15:42 of 2nd period - Nick Palmieri wins face-off versus Tyler Kennedy in Ice Dragons zone.
16:38 of 2nd period - Icing by Tyler Kennedy.
16:39 of 2nd period - Marek Viedensky wins face-off versus Mason Raymond in Saguenéens zone.
17:23 of 2nd period - Snap shot by Slava Voynov.
17:23 of 2nd period - Deflect By Tim Kennedy.
17:23 of 2nd period - Stopped by Mike Smith without a rebound.
17:24 of 2nd period - Erik Haula wins face-off versus Jordan LaVallee in Saguenéens zone.
17:41 of 2nd period - Penalty to Bradley Malone is over, Bradley Malone is back on ice.
17:43 of 2nd period - Slapshot by Troy Brouwer.
17:43 of 2nd period - Deflect By Nick Palmieri.
17:43 of 2nd period - Goal by Nick Palmieri - Ice Dragons : 2 - Saguenéens : 4.
17:44 of 2nd period - Kyle Brodziak wins face-off versus Tyler Haskins in neutral zone.
17:55 of 2nd period - Brett Lebda is hit by Tyler Haskins.
18:23 of 2nd period - Wrist shot by Michael Latta.
18:23 of 2nd period - Shot Blocked by Kevin Marshall.
18:25 of 2nd period - Snap shot by Ryan Reaves.
18:25 of 2nd period - Shot Misses the Net.
18:27 of 2nd period - Snap shot by Michael Latta.
18:27 of 2nd period - Stopped by Mike Smith with a rebound.
18:37 of 2nd period - Marek Viedensky is hit by Tyler Pitlick and loses puck.
19:29 of 2nd period - Off-side.
19:30 of 2nd period - Nick Palmieri wins face-off versus Kyle Brodziak in neutral zone.
19:32 of 2nd period - Off-side.
19:33 of 2nd period - Tyler Haskins wins face-off versus Kyle Brodziak in neutral zone.
19:43 of 2nd period - Wrist shot by Troy Brouwer.
19:43 of 2nd period - Deflect By Tyler Haskins.
19:43 of 2nd period - Shot Blocked by Luke Witkowski.
19:43 of 2nd period - Puck is out of play.
19:44 of 2nd period - Tyler Haskins wins face-off versus Kyle Brodziak in Saguenéens zone.
Goals for this period are 2 for Ice Dragons vs 2 for Saguenéens.
Shots for this period are 11 for Ice Dragons vs 14 for Saguenéens.
3rd period
0:01 of 3rd period - Tyler Haskins wins face-off versus Kyle Brodziak in neutral zone.
0:16 of 3rd period - Off-side.
0:17 of 3rd period - Erik Haula wins face-off versus Michael Latta in neutral zone.
0:27 of 3rd period - Snap shot by Erik Haula.
0:27 of 3rd period - Stopped by Justin Pogge with a rebound.
0:31 of 3rd period - Snap shot by Spencer Machacek.
0:31 of 3rd period - Shot Blocked by Jordan LaVallee.
0:33 of 3rd period - Wrist shot by Spencer Machacek.
0:33 of 3rd period - Deflect By Tim Kennedy.
0:33 of 3rd period - Shot Misses the Net.
0:33 of 3rd period - Puck is out of play.
0:34 of 3rd period - Tyler Haskins wins face-off versus Kyle Brodziak in Ice Dragons zone.
1:28 of 3rd period - Slapshot by Tim Kennedy.
1:28 of 3rd period - Stopped by Justin Pogge without a rebound.
1:29 of 3rd period - Kyle Brodziak wins face-off versus Brandon Kozun in Ice Dragons zone.
1:30 of 3rd period - Wrist shot by Tyler Kennedy.
1:30 of 3rd period - Stopped by Justin Pogge without a rebound.
1:31 of 3rd period - Kyle Brodziak wins face-off versus Tyler Haskins in Ice Dragons zone.
1:58 of 3rd period - Mason Raymond is hit by Marek Viedensky and loses puck.
2:29 of 3rd period - Wrist shot by Spencer Machacek.
2:29 of 3rd period - Shot Blocked by Ian Cole.
2:31 of 3rd period - Slapshot by Tim Kennedy.
2:31 of 3rd period - Stopped by Justin Pogge without a rebound.
2:32 of 3rd period - Tyler Haskins wins face-off versus Juraj Mikus in Ice Dragons zone.
2:39 of 3rd period - Wrist shot by Tyler Haskins.
2:39 of 3rd period - Stopped by Mike Smith without a rebound.
2:40 of 3rd period - Tyler Haskins wins face-off versus Juraj Mikus in Saguenéens zone.
2:41 of 3rd period - Wrist shot by Troy Brouwer.
2:41 of 3rd period - Shot Misses the Net.
2:43 of 3rd period - Snap shot by Nick Palmieri.
2:43 of 3rd period - Stopped by Mike Smith with a rebound.
2:45 of 3rd period - Slapshot by Troy Brouwer.
2:45 of 3rd period - Shot Blocked by Tyler Pitlick.
2:47 of 3rd period - Snap shot by Troy Brouwer.
2:47 of 3rd period - Stopped by Mike Smith without a rebound.
2:48 of 3rd period - Troy Brouwer wins face-off versus Kyle Brodziak in Saguenéens zone.
3:17 of 3rd period - Snap shot by Juraj Mikus.
3:17 of 3rd period - Stopped by Justin Pogge with a rebound.
3:19 of 3rd period - Snap shot by Carl Hagelin.
3:19 of 3rd period - Stopped by Justin Pogge with a rebound.
3:21 of 3rd period - Snap shot by Carl Hagelin.
3:21 of 3rd period - Goal by Carl Hagelin - Ice Dragons : 2 - Saguenéens : 5.
3:22 of 3rd period - Michael Latta wins face-off versus Kyle Brodziak in neutral zone.
3:25 of 3rd period - Wrist shot by Ian Cole.
3:25 of 3rd period - Stopped by Mike Smith with a rebound.
3:48 of 3rd period - Troy Brouwer is hit by Spencer Machacek and loses puck.
4:30 of 3rd period - Snap shot by Michael Latta.
4:30 of 3rd period - Stopped by Mike Smith without a rebound.
4:31 of 3rd period - Rickard Rakell wins face-off versus Michael Latta in Saguenéens zone.
4:38 of 3rd period - Wrist shot by Michael Latta.
4:38 of 3rd period - Shot Blocked by Rickard Rakell.
4:40 of 3rd period - Snap shot by Ryan Reaves.
4:40 of 3rd period - Shot Misses the Net.
4:42 of 3rd period - Slapshot by Tomas Kudelka.
4:42 of 3rd period - Shot Misses the Net.
4:44 of 3rd period - Slapshot by Michael Latta.
4:44 of 3rd period - Shot Misses the Net.
4:46 of 3rd period - Slapshot by Slava Voynov.
4:46 of 3rd period - Shot Misses the Net.
4:52 of 3rd period - Minor Penalty to Rhett Rakhshani for Hooking.
4:53 of 3rd period - Tyler Kennedy wins face-off versus Tyler Haskins in Saguenéens zone.
5:21 of 3rd period - Snap shot by Jordan LaVallee.
5:21 of 3rd period - Goal by Jordan LaVallee - Ice Dragons : 3 - Saguenéens : 5.
5:22 of 3rd period - Kyle Brodziak wins face-off versus Tyler Haskins in neutral zone.
5:25 of 3rd period - Snap shot by Tyler Kennedy.
5:25 of 3rd period - Goal by Tyler Kennedy - Ice Dragons : 3 - Saguenéens : 6.
5:26 of 3rd period - Tyler Haskins wins face-off versus Kyle Brodziak in neutral zone.
6:13 of 3rd period - Wrist shot by Carl Hagelin.
6:13 of 3rd period - Stopped by Justin Pogge with a rebound.
6:20 of 3rd period - Wrist shot by Tyler Pitlick.
6:20 of 3rd period - Shot Misses the Net.
6:40 of 3rd period - Craig Cunningham is hit by Ian Cole and loses puck.
6:57 of 3rd period - Off-side.
6:58 of 3rd period - Kyle Brodziak wins face-off versus Michael Latta in neutral zone.
7:23 of 3rd period - Tim Kennedy is hit by Troy Brouwer and loses puck.
7:38 of 3rd period - Minor Penalty to Spencer Machacek for Tripping.
7:39 of 3rd period - Tyler Haskins wins face-off versus Tyler Kennedy in Saguenéens zone.
7:42 of 3rd period - Snap shot by Troy Brouwer.
7:42 of 3rd period - Shot Misses the Net.
7:50 of 3rd period - Slapshot by Troy Brouwer.
7:50 of 3rd period - Stopped by Mike Smith without a rebound.
7:51 of 3rd period - Kyle Brodziak wins face-off versus Tyler Haskins in Saguenéens zone.
8:28 of 3rd period - Wrist shot by Michael Latta.
8:28 of 3rd period - Goal by Michael Latta - Ice Dragons : 4 - Saguenéens : 6.
8:29 of 3rd period - Erik Haula wins face-off versus Nick Palmieri in neutral zone.
9:01 of 3rd period - Snap shot by Tyler Kennedy.
9:01 of 3rd period - Goal by Tyler Kennedy - Ice Dragons : 4 - Saguenéens : 7.
9:01 of 3rd period - Harru Sateri enters game.
9:02 of 3rd period - Tyler Haskins wins face-off versus Mason Raymond in neutral zone.
9:05 of 3rd period - Wrist shot by Troy Brouwer.
9:05 of 3rd period - Goal by Troy Brouwer - Ice Dragons : 5 - Saguenéens : 7.
9:06 of 3rd period - Kyle Brodziak wins face-off versus Tyler Haskins in neutral zone.
9:31 of 3rd period - Ian Cole is hit by Brett Lebda and loses puck.
9:42 of 3rd period - Snap shot by Spencer Machacek.
9:42 of 3rd period - Shot Misses the Net.
9:54 of 3rd period - Snap shot by Carl Hagelin.
9:54 of 3rd period - Stopped by Harru Sateri without a rebound.
9:55 of 3rd period - Brandon Kozun wins face-off versus Carl Hagelin in Ice Dragons zone.
10:10 of 3rd period - Snap shot by Carl Hagelin.
10:10 of 3rd period - Shot Misses the Net.
10:39 of 3rd period - Off-side.
10:40 of 3rd period - Erik Haula wins face-off versus Michael Latta in neutral zone.
11:08 of 3rd period - Double Minor Penalty to Tyler Kennedy for Roughing.
11:09 of 3rd period - Jerry D'Amigo wins face-off versus Tyler Haskins in Saguenéens zone.
11:19 of 3rd period - Snap shot by Troy Brouwer.
11:19 of 3rd period - Stopped by Mike Smith without a rebound.
11:20 of 3rd period - Jerry D'Amigo wins face-off versus Tyler Haskins in Saguenéens zone.
12:50 of 3rd period - Icing by Troy Brouwer.
12:51 of 3rd period - Rickard Rakell wins face-off versus Tyler Haskins in Ice Dragons zone.
15:08 of 3rd period - Penalty to Tyler Kennedy is over, Tyler Kennedy is back on ice.
15:15 of 3rd period - Snap shot by Juraj Mikus.
15:15 of 3rd period - Goal by Juraj Mikus - Ice Dragons : 5 - Saguenéens : 8.
15:16 of 3rd period - Marek Viedensky wins face-off versus Erik Haula in neutral zone.
15:19 of 3rd period - Snap shot by Petr Vrana.
15:19 of 3rd period - Stopped by Mike Smith with a rebound.
15:25 of 3rd period - Wrist shot by Tim Kennedy.
15:25 of 3rd period - Deflect By Erik Haula.
15:25 of 3rd period - Shot Blocked by Petr Vrana.
15:25 of 3rd period - Puck is out of play.
15:26 of 3rd period - Erik Haula wins face-off versus Marek Viedensky in Ice Dragons zone.
15:52 of 3rd period - Wrist shot by Tim Kennedy.
15:52 of 3rd period - Shot Blocked by Petr Vrana.
15:54 of 3rd period - Slapshot by Kevin Marshall.
15:54 of 3rd period - Deflect By Petr Vrana.
15:54 of 3rd period - Stopped by Harru Sateri without a rebound.
15:55 of 3rd period - Kyle Brodziak wins face-off versus Nick Palmieri in Ice Dragons zone.
16:08 of 3rd period - Snap shot by Kyle Brodziak.
16:08 of 3rd period - Shot Blocked by Ian Cole.
16:10 of 3rd period - Slapshot by Roman Josi.
16:10 of 3rd period - Stopped by Harru Sateri without a rebound.
16:11 of 3rd period - Erik Haula wins face-off versus Michael Latta in Ice Dragons zone.
16:14 of 3rd period - Wrist shot by Spencer Machacek.
16:14 of 3rd period - Stopped by Harru Sateri with a rebound.
16:16 of 3rd period - Slapshot by Brett Lebda.
16:16 of 3rd period - Deflect By Brayden McNabb.
16:16 of 3rd period - Stopped by Harru Sateri without a rebound.
16:17 of 3rd period - Erik Haula wins face-off versus Michael Latta in Ice Dragons zone.
16:20 of 3rd period - Slapshot by Spencer Machacek.
16:20 of 3rd period - Shot Blocked by Ian Cole.
16:22 of 3rd period - Snap shot by Erik Haula.
16:22 of 3rd period - Stopped by Harru Sateri with a rebound.
16:24 of 3rd period - Slapshot by Kevin Marshall.
16:24 of 3rd period - Shot Misses the Net.
16:26 of 3rd period - Slapshot by Tim Kennedy.
16:26 of 3rd period - Stopped by Harru Sateri with a rebound.
16:28 of 3rd period - Wrist shot by Spencer Machacek.
16:28 of 3rd period - Shot Misses the Net.
16:30 of 3rd period - Slapshot by Brett Lebda.
16:30 of 3rd period - Shot Blocked by Ian Cole.
16:32 of 3rd period - Slapshot by Brett Lebda.
16:32 of 3rd period - Stopped by Harru Sateri without a rebound.
16:33 of 3rd period - Tyler Haskins wins face-off versus Kyle Brodziak in Ice Dragons zone.
17:23 of 3rd period - Brandon Kozun is hit by Carl Hagelin.
17:29 of 3rd period - Dalton Prout is hit by Petr Vrana and loses puck.
17:44 of 3rd period - Backhand shot by Roman Josi.
17:44 of 3rd period - Stopped by Harru Sateri without a rebound.
17:45 of 3rd period - Tyler Haskins wins face-off versus Kyle Brodziak in Ice Dragons zone.
17:45 of 3rd period - Tyler Haskins is hit by Mason Raymond.
17:55 of 3rd period - Kevin Marshall is hit by Alexander Urbom.
18:33 of 3rd period - Marek Viedensky is hit by Kevin Marshall and loses puck.
18:42 of 3rd period - Backhand shot by Rhett Rakhshani.
18:42 of 3rd period - Deflect By Craig Cunningham.
18:42 of 3rd period - Shot Blocked by Tomas Kudelka.
18:42 of 3rd period - Puck is out of play.
18:43 of 3rd period - Tyler Haskins wins face-off versus Kyle Brodziak in Ice Dragons zone.
18:43 of 3rd period - Tyler Haskins is hit by Kyle Brodziak.
19:13 of 3rd period - Wrist shot by Jordan LaVallee.
19:13 of 3rd period - Shot Misses the Net.
19:15 of 3rd period - Slapshot by Ian Cole.
19:15 of 3rd period - Shot Blocked by Tim Kennedy.
19:17 of 3rd period - Slapshot by Brayden McNabb.
19:17 of 3rd period - Stopped by Mike Smith with a rebound.
19:19 of 3rd period - Snap shot by Jordan LaVallee.
19:19 of 3rd period - Stopped by Mike Smith with a rebound.
19:21 of 3rd period - Wrist shot by Ryan Reaves.
19:21 of 3rd period - Stopped by Mike Smith with a rebound.
19:54 of 3rd period - Slapshot by Troy Brouwer.
19:54 of 3rd period - Stopped by Mike Smith with a rebound.
Goals for this period are 3 for Ice Dragons vs 4 for Saguenéens.
Shots for this period are 15 for Ice Dragons vs 20 for Saguenéens.
Back to the Top